[Event "*** Titled Tuesday Blitz"]
[Site "Chess.com"]
[Date "2020.05.19"]
[Round "2"]
[White "plumalka"]
[Black "yarosavich"]
[Result "1-0"]
[WhiteElo "2488"]
[BlackElo "2686"]
[TimeControl "180+1"]
[EndTime "12:16:09 PDT"]
[Termination "plumalka won by resignation"]

1. e4 e5 2. Nf3 Nc6 3. Nc3 Nf6 4. a3 d5 5. Bb5 d4 6. Ne2 Bd6 7. d3 O-O 8. O-O Ne7 9. c3 c5 10. Nh4 a6 11. Bc4 b5 12. Ba2 Be6 13. Bxe6 fxe6 14. f4 exf4 15. Nxf4 Qd7 16. Qb3 c4 17. dxc4 Nxe4 18.
cxb5 Nc5 19. Qd1 dxc3 20. bxc3 axb5 21. Be3 Qc6 22. Qg4 Qe4 23. Rae1 Nd3 24. Bd4 1-0

[Event "*** Titled Tuesday Blitz"]
[Site "Chess.com"]
[Date "2020.05.19"]
[Round "2"]
[White "Zmof"]
[Black "Glidzhian_Gor"]
[Result "0-1"]
[WhiteElo "2255"]
[BlackElo "2460"]
[TimeControl "180+1"]
[EndTime "12:16:09 PDT"]
[Termination "Glidzhian_Gor won by resignation"]

1. e4 c5 2. Nf3 d6 3. Bb5+ Bd7 4. Bxd7+ Nxd7 5. O-O g6 6. c4 Bg7 7. Nc3 Ngf6 8. d4 O-O 9. d5 a6 10. a4 Rb8 11. a5 Ng4 12. h3 Nge5 13. Nxe5 Nxe5 14. Qe2 b6 15. axb6 Rxb6 16. f4 Nd7 17. Be3 Qb8 18. Na4 Rb3 19. Kh1 Nb6 20. Nxb6 Qxb6 21. Rfb1 Rb8 22.
Ra2 Bxb2 23. Qc2 Bf6 24. Rxb3 Qxb3 25. e5 Qxe3 26. exf6 exf6 27. Rxa6 Qxf4 28. Qe2 Rb1+ 0-1

[Event "*** Titled Tuesday Blitz"]
[Site "Chess.com"]
[Date "2020.05.19"]
[Round "2"]
[White "aa175"]
[Black "KingChess345"]
[Result "1-0"]
[WhiteElo "2441"]
[BlackElo "2207"]
[TimeControl "180+1"]
[EndTime "12:16:10 PDT"]
[Termination "aa175 won by resignation"]

1. d4 Nf6 2. Nf3 e6 3. Bf4 d5 4.
e3 Bd6 5. Nbd2 O-O 6. Bd3 c5 7. c3 Nc6 8. Bg3 Qe7 9. Ne5 Nd7 10. Nxd7 Bxd7 11. Bxd6 Qxd6 12. dxc5 Qxc5 13. Bxh7+ Kxh7 14. Qh5+ Kg8 15. Ne4 Qb5 16. Ng5 Rfd8 17. Qxf7+ Kh8 18.
Qh5+ Kg8 19. O-O-O Ne5 20. Qh7+ Kf8 21. Qh8+ Ke7 22.
Qxg7+ Kd6 23. Ne4+ Kc6 24. Qxe5 Bc8 25. Rd4 a5 26. Rhd1 a4 27. c4 Qc5 28. Nxc5 1-0

[Event "*** Titled Tuesday Blitz"]
[Site "Chess.com"]
[Date "2020.05.19"]
[Round "2"]
[White "zaur-mammadov"]
[Black "Bad4life"]
[Result "1-0"]
[WhiteElo "2542"]
[BlackElo "2288"]
[TimeControl "180+1"]
[EndTime "12:16:11 PDT"]
[Termination "zaur-mammadov won by resignation"]

1. e4 c5 2. c3 Nf6 3. e5 Nd5 4. Nf3 d6 5. d4 dxe5 6. Nxe5 e6 7. Bd3 Be7 8. O-O O-O 9. Re1 Qc7 10. Qf3 Nc6 11. Nxc6 Qxc6 12. dxc5 Bxc5 13. Nd2 Nf6 14. Qe2 e5 15. Nb3 Bg4 16. Qc2 Bb6 17. Rxe5 Bc7 18. Re1 Rad8 19. Nd4 Qd6 20. g3 Bh3 21. Bf5 Ng4 22.
Qe4 g6 23. Bxg4 Rde8 24. Qxe8 Rxe8 25. Rxe8+ Kg7 26. Bxh3 Bb6 27. Bf4 Qc5 28. Be5+ f6 29.
Ne6+ 1-0

[Event "*** Titled Tuesday Blitz"]
[Site "Chess.com"]
[Date "2020.05.19"]
[Round "2"]
[White "mamey78"]
[Black "WiktoriaPOL"]
[Result "1-0"]
[WhiteElo "2371"]
[BlackElo "2008"]
[TimeControl "180+1"]
[EndTime "12:16:11 PDT"]
[Termination "mamey78 won by resignation"]

1. e4 c5 2. Nf3 g6 3. c3 d5 4. exd5 Qxd5 5. d4 cxd4 6. cxd4 Nc6 7. Nc3 Qd8 8. Bb5 a6 9. Ba4 b5 10. Bb3 Bg4 11. Bxf7+ Kxf7 12. Ng5+ Ke8 13. Qxg4 Qxd4 14. Qf3 Qf6 15. Bf4 Rc8 16. Nd5 Qxb2 17. O-O Nf6 18.
Nc7+ Rxc7 19. Bxc7 Bg7 20. Qxc6+ Kf8 21. Qe6 1-0

[Event "*** Titled Tuesday Blitz"]
[Site "Chess.com"]
[Date "2020.05.19"]
[Round "2"]
[White "Mbneu"]
[Black "TigranMukhutdinov"]
[Result "0-1"]
[WhiteElo "2236"]
[BlackElo "2453"]
[TimeControl "180+1"]
[EndTime "12:16:13 PDT"]
[Termination "TigranMukhutdinov won by resignation"]

1. d4 Nf6 2. c4 g6 3. Nc3 d5 4. cxd5 Nxd5 5. g3 Bg7 6. Bg2 c6 7. e4 Nb6 8. Nge2 O-O 9. O-O e5 10. Be3 Nc4 11. Qc2 Nxe3 12. fxe3 exd4 13. exd4 Bxd4+ 14. Nxd4 Qxd4+ 15. Kh1 Nd7 16. Rf4 Ne5 17. Rd1 Qc5 18. Qe2 h5 19. h3 Be6 20. g4 hxg4 21. hxg4 Rad8 22. Rxd8 Rxd8 23. g5 Kg7 24. Rh4 Bg4 25. Qe1 Nf3 26. Qf1 Qxg5 0-1

[Event "*** Titled Tuesday Blitz"]
[Site "Chess.com"]
[Date "2020.05.19"]
[Round "2"]
[White "svilson23"]
[Black "Meri-Arabidze"]
[Result "0-1"]
[WhiteElo "2230"]
[BlackElo "2604"]
[TimeControl "180+1"]
[EndTime "12:16:14 PDT"]
[Termination "Meri-Arabidze won by resignation"]

1. d4 d5 2. Bg5 Nf6 3. Bxf6 exf6 4. e3 Bd6 5. g3 O-O 6. Bg2 c6 7.
Ne2 Bg4 8. Qd3 Qd7 9. h3 Bf5 10. Qd2 Na6 11. O-O Bxh3 12. b3 Nc7 13. c4 Bxg2 14.
Kxg2 h6 15. c5 Be7 16. b4 Ne6 17. Nbc3 Ng5 18. Nf4 Bd8 19. b5 Bc7 20. Rh1 Rfe8 21. a4 Ba5 22. Qc2 Qg4 23. Rh4 Qf3+ 24. Kg1 Bxc3 25.
Qxc3 Ne4 26. Qe1 g5 27. Rxh6 gxf4 28. gxf4 Kg7 0-1

[Event "*** Titled Tuesday Blitz"]
[Site "Chess.com"]
[Date "2020.05.19"]
[Round "2"]
[White "IMinTheWings"]
[Black "spidernv"]
[Result "1-0"]
[WhiteElo "2225"]
[BlackElo "2426"]
[TimeControl "180+1"]
[EndTime "12:16:16 PDT"]
[Termination "IMinTheWings won by checkmate"]

1. c4 Nf6 2. Nc3 e6 3. e4 d5 4. e5 Ng8 5. d4 c6 6. Nf3 Ne7 7. Bd3 Nd7 8. O-O b6 9. a4 Bb7 10. a5 bxa5 11. c5 Ng6 12. Re1 Be7 13. g3 O-O 14. h4 Re8 15. Bg5 Ngf8 16. Qa4 f6 17. Bf4 fxe5 18. Bxe5 Bf6 19. Qxa5 Bxe5 20. dxe5 Qxa5 21.
Rxa5 g6 22. Nd4 Kf7 23. f4 Ke7 24. Rea1 a6 25. b4 Nb8 26. Kf2 Nfd7 27. h5 gxh5 28. Rh1 Rf8 29. Rxh5 Rf7 30. Bxh7 Nxe5 31. Rxe5 Rxh7 32.
Nxe6 Kd7 33. Na4 Kc8 34. Nb6# 1-0

[Event "*** Titled Tuesday Blitz"]
[Site "Chess.com"]
[Date "2020.05.19"]
[Round "2"]
[White "Vaathi_Coming"]
[Black "LADIESGET2KNOWME"]
[Result "1-0"]
[WhiteElo "2884"]
[BlackElo "2550"]
[TimeControl "180+1"]
[EndTime "12:16:17 PDT"]
[Termination "Vaathi_Coming won by resignation"]

1. d4 Nf6 2. Bf4 d6 3. Nf3 g6 4. e3 Bg7 5. h3 O-O 6. Be2 c5 7. c3 Nc6 8. Nbd2 cxd4 9. exd4 Nd5 10. Bh2 e5 11. dxe5 dxe5 12. O-O Bf5 13. Nc4 e4 14. Ne1 Qg5 15. Qxd5 Rad8 16. Nd6 Qf6 17. Rd1 Rd7 18. Qb3 Qe7 19. Nxf5 gxf5 20. Nc2 Rfd8 21. Ne3 Qe6 22. Qxe6 fxe6 23. Bc4 Kf7 24. Rxd7+ Rxd7 25. Nxf5 Rd2 26. Nd6+ Ke7 27. Nxe4 Rxb2 28. Bd6+ Ke8 29. Ba3 Rb6 30. Nd6+ Kd7 31. Rd1 Bxc3 32. Nb5+ 1-0

[Event "*** Titled Tuesday Blitz"]
[Site "Chess.com"]
[Date "2020.05.19"]
[Round "2"]
[White "SamuelGhimpu2003"]
[Black "ChessBitl"]
[Result "1-0"]
[WhiteElo "2599"]
[BlackElo "2313"]
[TimeControl "180+1"]
[EndTime "12:16:18 PDT"]
[Termination "SamuelGhimpu2003 won by resignation"]

1. e4 c5 2. Nf3 Nc6 3. d4 cxd4 4. Nxd4 g6 5. Nc3 Bg7 6. Be3 Nf6 7. Bc4 O-O 8. Bb3 a5 9. O-O a4 10. Nxa4 Nxe4 11.
Nb5 d6 12. f3 Nf6 13. Nb6 Ra6 14. Nxc8 Qxc8 15. c3 Na5 16. Re1 Nxb3 17. Qxb3 Nd7 18. a4 Nc5 19. Qc4 Qc6 20. Bxc5 dxc5 21. Rxe7 Raa8 22.
Rd1 Bf6 23. Rc7 Qa6 24. b3 b6 25. Rdd7 Rac8 26. Rxf7 Rxc7 27. Rxc7+ Kh8 28. Qd5 Qa5 29. Qd7 1-0

[Event "*** Titled Tuesday Blitz"]
[Site "Chess.com"]
[Date "2020.05.19"]
[Round "2"]
[White "Misticpikachu"]
[Black "bascheyaro"]
[Result "0-1"]
[WhiteElo "2373"]
[BlackElo "2699"]
[TimeControl "180+1"]
[EndTime "12:16:19 PDT"]
[Termination "bascheyaro won by resignation"]

1. c4 e5 2. g3 Nc6 3. Bg2 g6 4. Nf3 Bg7 5. O-O Nge7 6. Nc3 O-O 7. d3 d6 8. Bg5 h6 9. Bd2 f5 10. e3 Kh7 11. a3 Be6 12. b4 e4 13. dxe4 Bxc4 14.
Re1 fxe4 15. Nh4 d5 16. Qc2 Ne5 17. Rad1 Bd3 18. Qb3 g5 19. f4 gxh4 20. fxe5 hxg3 21. hxg3 Bxe5 22. Bh3 Bxg3 23. Kg2 Rf2+ 24. Kxg3 Qd6+ 25. Kxf2 Qh2+ 0-1

[Event "*** Titled Tuesday Blitz"]
[Site "Chess.com"]
[Date "2020.05.19"]
[Round "2"]
[White "TregubovP"]
[Black "jefferyx"]
[Result "0-1"]
[WhiteElo "2559"]
[BlackElo "2946"]
[TimeControl "180+1"]
[EndTime "12:16:23 PDT"]
[Termination "jefferyx won by resignation"]

1. e4 e5 2. Nf3 Nc6 3. Bb5 Nge7 4. O-O a6 5. Ba4 g6 6. d4 exd4 7. Nxd4 Na5 8. c3 Bg7 9. Nd2 O-O 10. N2f3 b5 11. Bc2 Bb7 12. Re1 d6 13. Bf4 Nc4 14. b3 Ne5 15. Qd2 c5 16. Ne2 Nxf3+ 17. gxf3 d5 18.
Rad1 Qc8 19. Ng3 Rd8 20. Bg5 Qc7 21. Bxe7 Qxe7 22. exd5 Qf6 23. c4 Qxf3 24. Re3 Qf6 25. Ne4 Qb6 26. Qe2 Bc8 27. Ng3 Bd7 28. Be4 Re8 29.
Bf3 Bd4 30. Rxe8+ Rxe8 31. Qd3 Qf6 32. Kg2 h5 33. Rd2 Qg5 34. Kh1 Re1+ 0-1

[Event "*** Titled Tuesday Blitz"]
[Site "Chess.com"]
[Date "2020.05.19"]
[Round "2"]
[White "AuggieWren"]
[Black "DaggiGretarsson"]
[Result "0-1"]
[WhiteElo "2287"]
[BlackElo "2614"]
[TimeControl "180+1"]
[EndTime "12:16:23 PDT"]
[Termination "DaggiGretarsson won by resignation"]

1. Nf3 d5 2. d4 Nf6 3. c4 c6 4.
Nc3 dxc4 5. a4 Bf5 6. e3 e6 7. Bxc4 Nbd7 8. O-O Bb4 9. Qe2 Bg6 10. e4 O-O 11.
Bd3 Qa5 12. Bd2 Rac8 13. e5 Nd5 14. Ne4 Bxd2 15. Nexd2 c5 16. Nc4 Qb4 17. Bxg6 fxg6 18. Nd6 Rb8 19. Ng5 Nf4 20. Qg4 cxd4 21. Rfe1 d3 22.
Nxe6 Ne2+ 0-1

[Event "*** Titled Tuesday Blitz"]
[Site "Chess.com"]
[Date "2020.05.19"]
[Round "2"]
[White "Omk124"]
[Black "j2806"]
[Result "1-0"]
[WhiteElo "2369"]
[BlackElo "2003"]
[TimeControl "180+1"]
[EndTime "12:16:23 PDT"]
[Termination "Omk124 won by checkmate"]

1. e4 c5 2. Nf3 d6 3. d4 cxd4 4. Nxd4 Nf6 5. Nc3 a6 6. Bc4 e6 7. Bb3 Be7 8. O-O O-O 9. Qf3 Nbd7 10. Qg3 Qc7 11. Be3 Nc5 12. f3 b5 13. Qf2 Nxb3 14. axb3 Bb7 15. Kh1 d5 16. exd5 Nxd5 17.
Nxd5 Bxd5 18. Rfd1 Rfd8 19. Qe2 Bb7 20. c3 b4 21. c4 Bc5 22. Nc2 a5 23. Qf2 Rxd1+ 24.
Rxd1 Bxe3 25. Qxe3 a4 26. Nxb4 axb3 27. Qxb3 Rc8 28.
Rc1 h6 29. c5 Bc6 30. Nxc6 Qxc6 31. Qc4 Rb8 32. b4 Kf8 33. Rd1 Ke7 34. Qh4+ f6 35.
Qg3 Rxb4 36. Qxg7+ Ke8 37. Qxf6 Qxc5 38. Rd8# 1-0

[Event "*** Titled Tuesday Blitz"]
[Site "Chess.com"]
[Date "2020.05.19"]
[Round "2"]
[White "MarcoRiehle"]
[Black "queen_iryna"]
[Result "1-0"]
[WhiteElo "2633"]
[BlackElo "2339"]
[TimeControl "180+1"]
[EndTime "12:16:25 PDT"]
[Termination "MarcoRiehle won by resignation"]

1. e4 d6 2. d4 Nf6 3. f3 e5 4. d5 Be7 5. Be3 O-O 6. Qd2 c6 7. c4 cxd5 8. cxd5 h6 9. Bd3 Nh5 10. Ne2 Bg5 11. O-O a5 12. Rc1 Na6 13. Na3 Nc5 14.
Bb5 f5 15. Bxg5 hxg5 16. exf5 Bxf5 17. Nc4 Nf4 18. Nxf4 gxf4 19. Nxe5 Qb6 20. Nc4 Qxb5 21. Nxd6 Qb6 22. Nc4 Qa7 23. Kh1 b5 24. Nd6 Rab8 25.
Qd4 Rbc8 26. Nxc8 Rxc8 27. d6 Bd7 28. Rc2 Qb6 29. Rac1 1-0

[Event "*** Titled Tuesday Blitz"]
[Site "Chess.com"]
[Date "2020.05.19"]
[Round "2"]
[White "Saxar85"]
[Black "ChelsieMonica"]
[Result "1-0"]
[WhiteElo "2711"]
[BlackElo "2329"]
[TimeControl "180+1"]
[EndTime "12:16:26 PDT"]
[Termination "Saxar85 won by resignation"]

1. Nf3 Nf6 2. g3 e6 3. Bg2 d5 4. O-O Be7 5. d3 O-O 6. Nbd2 c5 7. e4 d4 8. Re1 Nc6 9. e5 Nd5 10. Ne4 b5 11. h4 a5 12. h5 a4 13. h6 g6 14. a3 b4 15. Bg5 Bxg5 16. Nexg5 bxa3 17. bxa3 Rb8 18. Qc1 Ba6 19. Nh2 c4 20. dxc4 Bxc4 21.
Ng4 Nce7 22. Ne4 Nf5 23. Qd2 Kh8 24. Rab1 Rxb1 25. Rxb1 Qe7 26. Nd6 Nxd6 27. exd6 Qxd6 28. Qxd4+ f6 29. Qxc4 Qxa3 30. Bxd5 exd5 31. Qc7 Rg8 32. Nxf6 1-0

[Event "*** Titled Tuesday Blitz"]
[Site "Chess.com"]
[Date "2020.05.19"]
[Round "2"]
[White "HanSchut"]
[Black "thedjoker98"]
[Result "1-0"]
[WhiteElo "2231"]
[BlackElo "2429"]
[TimeControl "180+1"]
[EndTime "12:16:26 PDT"]
[Termination "HanSchut won by checkmate"]

1. e4 e5 2. Nf3 Nc6 3. Bc4 Bc5 4.
b4 Bxb4 5. c3 Ba5 6. d4 d6 7.
Qb3 Qe7 8. d5 Nd4 9. Nxd4 exd4 10.
O-O Bb6 11. e5 dxe5 12. Ba3 Qf6 13. cxd4 Bxd4 14. Nd2 Ne7 15. d6 cxd6 16. Ne4 Qf4 17. Nxd6+ Kf8 18. Nxf7 Rg8 19. Rae1 Bg4 20. Bxe7+ Kxe7 21. Qxb7+ Bd7 22. Nxe5 Bxe5 23. g3 Qxc4 24. Rxe5+ Kf6 25.
Qxd7 Kxe5 26. Re1+ Kf6 27. Qe7+ Kg6 28. Re6+ Qxe6 29.
Qxe6+ Kg5 30. f4+ Kh5 31. h3 g6 32. g4+ Kh6 33. g5+ Kg7 34. Qf6# 1-0

[Event "*** Titled Tuesday Blitz"]
[Site "Chess.com"]
[Date "2020.05.19"]
[Round "2"]
[White "dianosky"]
[Black "EmeseBalogh"]
[Result "1-0"]
[WhiteElo "2363"]
[BlackElo "1937"]
[TimeControl "180+1"]
[EndTime "12:16:26 PDT"]
[Termination "dianosky won by resignation"]

1. d4 d5 2. c4 c6 3. Nc3 Nf6 4. Nf3 a6 5. a4 e6 6. Bg5 Be7 7. e3 h6 8. Bh4 O-O 9. a5 Nbd7 10. Qb3 dxc4 11. Bxc4 c5 12. O-O cxd4 13. exd4 Nh7 14. Bg3 Ng5 15. Be2 Nf6 16. Nxg5 hxg5 17. Rfd1 Nd5 18.
Bf3 Nf4 19. d5 e5 20. d6 Bxd6 21. Bxf4 exf4 22. Ne4 Be6 23. Qxb7 Rb8 24. Qxa6 1-0

[Event "*** Titled Tuesday Blitz"]
[Site "Chess.com"]
[Date "2020.05.19"]
[Round "2"]
[White "SantoBlue"]
[Black "Sergey85Rodchenkov"]
[Result "1-0"]
[WhiteElo "2789"]
[BlackElo "2509"]
[TimeControl "180+1"]
[EndTime "12:16:27 PDT"]
[Termination "SantoBlue won by resignation"]

1. e4 c5 2. Nf3 d6 3. d4 cxd4 4. Nxd4 Nf6 5. Nc3 a6 6. a3 e5 7. Nf5 Bxf5 8. exf5 d5 9. Bg5 d4 10. Ne4 Be7 11. Bxf6 Bxf6 12. g3 O-O 13. Bg2 Nc6 14.
O-O Rc8 15. Qd3 Re8 16. h4 Be7 17. Rad1 Bf8 18. f6 g6 19. h5 Qb6 20. hxg6 hxg6 21. g4 Nd8 22. Qh3 Ne6 23. Rd3 Nf4 24.
Qh4 Bc5 25. b4 Nxd3 26. bxc5 Nxc5 27. Qh6 Ne6 28. Ng5 1-0

[Event "*** Titled Tuesday Blitz"]
[Site "Chess.com"]
[Date "2020.05.19"]
[Round "2"]
[White "TenisMaster"]
[Black "DanielTitichoca"]
[Result "1-0"]
[WhiteElo "2780"]
[BlackElo "2341"]
[TimeControl "180+1"]
[EndTime "12:16:27 PDT"]
[Termination "TenisMaster won by resignation"]

1. e4 c5 2. Nf3 d6 3. d4 cxd4 4. Nxd4 Nf6 5. Nc3 a6 6. Bg5 e6 7. Qf3 Nbd7 8. O-O-O Be7 9. Bd3 Qa5 10. h4 h6 11. Bd2 Qc7 12. g4 Ne5 13. Qg3 b5 14.
g5 b4 15. gxf6 bxc3 16. Qxg7 cxd2+ 17. Rxd2 Rf8 18. fxe7 Qxe7 19. Qxh6 Bb7 20. Kb1 Qc7 21. Qe3 Rb8 22. h5 Qb6 23. b3 Ke7 24. Nf5+ exf5 25. Qxb6 Bxe4 26. Qc7+ Ke8 27. Bxe4 1-0

[Event "*** Titled Tuesday Blitz"]
[Site "Chess.com"]
[Date "2020.05.19"]
[Round "2"]
[White "viviania"]
[Black "GregShahade"]
[Result "1-0"]
[WhiteElo "2834"]
[BlackElo "2503"]
[TimeControl "180+1"]
[EndTime "12:16:31 PDT"]
[Termination "viviania won by checkmate"]

1. e4 e5 2. Nf3 Nc6 3. d4 exd4 4. c3 dxc3 5. Nxc3 d6 6. Bc4 Nf6 7. Qb3 Qd7 8. Ng5 Ne5 9. Bb5 c6 10. f4 cxb5 11. fxe5 dxe5 12. Be3 h6 13. Rd1 Qe7 14.
Qxb5+ Nd7 15. Nd5 Qd8 16. Qc4 hxg5 17. Nc7+ Ke7 18. O-O f6 19. Qe6# 1-0

[Event "*** Titled Tuesday Blitz"]
[Site "Chess.com"]
[Date "2020.05.19"]
[Round "2"]
[White "Kezin_Roman"]
[Black "zajka-molotok"]
[Result "1-0"]
[WhiteElo "2743"]
[BlackElo "2337"]
[TimeControl "180+1"]
[EndTime "12:16:32 PDT"]
[Termination "Kezin_Roman won by resignation"]

1. d4 e6 2. c4 f5 3. Nf3 Nf6 4. g3 Be7 5. Bg2 d5 6. O-O Ne4 7. Qc2 Nc6 8. a3 Bf6 9. Rd1 h5 10. b4 h4 11. Bb2 hxg3 12. hxg3 g5 13. Nc3 Qd7 14. Ne5 Bxe5 15. dxe5 Nxc3 16. Bxc3 Ne7 17.
cxd5 Nxd5 18. Bxd5 Qh7 19. Bg2 Bd7 20. Rxd7 Qxd7 21. Rd1 Qh7 22. Bxb7 Qh2+ 23. Kf1 Rd8 24. Rxd8+ Kxd8 25. Qd2+ Ke8 26. Qxg5 Qh7 27. Bc6+ Kf8 28. Qd8+ Kg7 29. Qf6+ Kg8 30. Qxe6+ Qf7 31. Qxf7+ Kxf7 32. e6+ 1-0

[Event "*** Titled Tuesday Blitz"]
[Site "Chess.com"]
[Date "2020.05.19"]
[Round "2"]
[White "Alexander_Moskalenko"]
[Black "Alliswell998"]
[Result "1-0"]
[WhiteElo "2823"]
[BlackElo "2525"]
[TimeControl "180+1"]
[EndTime "12:16:33 PDT"]
[Termination "Alexander_Moskalenko won by checkmate"]

1. e4 c5 2. Nc3 a6 3. f4 b5 4. Nf3 Bb7 5. d3 e6 6. g3 Nc6 7. Bg2 Nf6 8. e5 Nd5 9. Nxd5 exd5 10.
c3 d6 11. d4 dxe5 12. dxe5 Be7 13. Be3 O-O 14. O-O b4 15. Qd3 c4 16. Qd2 bxc3 17. bxc3 Qc7 18. Rab1 Rab8 19. Bb6 Qd7 20. Nd4 Bd8 21. Nxc6 Bxc6 22. Bxd8 Rfxd8 23. Qd4 Rb5 24. Rxb5 axb5 25. f5 Ra8 26. Rf2 Qa7 27. Qf4 Qc5 28. e6 fxe6 29. fxe6 h6 30. Qf7+ Kh8 31. e7 Re8 32. Bxd5 Bd7 33. Qf8+ Kh7 34. Be4+ g6 35. Qf7+ Kh8 36. Qf6+ Kg8 37. Qxg6+ Kh8 38. Qh7# 1-0

[Event "*** Titled Tuesday Blitz"]
[Site "Chess.com"]
[Date "2020.05.19"]
[Round "2"]
[White "Chepaschess"]
[Black "Airquake"]
[Result "1-0"]
[WhiteElo "2818"]
[BlackElo "2519"]
[TimeControl "180+1"]
[EndTime "12:16:35 PDT"]
[Termination "Chepaschess won by resignation"]

1. Nf3 Nf6 2. c4 e6 3. d4 d5 4. g3 Be7 5. Bg2 O-O 6. Nc3 b6 7. cxd5 exd5 8. O-O Bb7 9. Ne5 c6 10. Bf4 Nbd7 11. Rc1 h6 12. e4 dxe4 13. Nxe4 Nxe4 14. Bxe4 Nxe5 15. dxe5 Qc8 16. Qf3 Qe6 17. Bxc6 Bxc6 18.
Rxc6 Qxa2 19. Bxh6 gxh6 20. Rxh6 Kg7 21. Rh5 f5 22. exf6+ Bxf6 23. Qg4+ Kf7 24. Rh7+ 1-0

[Event "*** Titled Tuesday Blitz"]
[Site "Chess.com"]
[Date "2020.05.19"]
[Round "2"]
[White "Off-War"]
[Black "CheckThis4"]
[Result "1-0"]
[WhiteElo "2745"]
[BlackElo "2498"]
[TimeControl "180+1"]
[EndTime "12:16:35 PDT"]
[Termination "Off-War won by resignation"]

1. d4 d5 2. c4 e6 3. Nf3 Nf6 4. g3 Bb4+ 5. Bd2 Be7 6. Bg2 O-O 7. Qc2 Nbd7 8. O-O Ne4 9. Nc3 Nxd2 10. Nxd2 c6 11. e3 f5 12. a3 Nf6 13. b4 Ne4 14. c5 Bd7 15. a4 Be8 16. Rab1 Bg6 17. f3 Nxc3 18. Qxc3 f4 19. Rbe1 fxg3 20. hxg3 Qc7 21.
f4 b6 22. e4 Bf6 23. f5 exf5 24. exd5 a5 25. d6 axb4 26. Qxb4 bxc5 27. dxc5 Qb8 28. Qxb8 Rfxb8 29. Bxc6 Bd4+ 30. Kh2 Bxc5 31. Bxa8 Rxa8 32. Nc4 Bf7 33. Rxf5 Bb4 34. Rb1 Rxa4 35. d7 Ra2+ 36. Kh1 1-0

[Event "*** Titled Tuesday Blitz"]
[Site "Chess.com"]
[Date "2020.05.19"]
[Round "2"]
[White "GHANDEEVAM2003"]
[Black "Mikhail_Golubev"]
[Result "1-0"]
[WhiteElo "2912"]
[BlackElo "2554"]
[TimeControl "180+1"]
[EndTime "12:16:36 PDT"]
[Termination "GHANDEEVAM2003 won by resignation"]

1. b3 d6 2. Bb2 Nd7 3. d4 Ngf6 4. Nf3 g6 5. g3 Bg7 6. Bg2 O-O 7. O-O Re8 8. c4 e5 9. dxe5 Ng4 10. Qd2 Ngxe5 11.
Nc3 Nc5 12. Rad1 a5 13. Nxe5 Bxe5 14. Nd5 c6 15. Bxe5 dxe5 16. Qe3 cxd5 17. Qxc5 d4 18.
e3 d3 19. Bd5 Bh3 20. Rxd3 Qf6 21. Bg2 Bxg2 22. Kxg2 e4 23. Rd7 Qf3+ 24. Kg1 Red8 25. Qd5 Rxd7 26. Qxd7 h5 27. h4 a4 28. b4 a3 29. c5 Qe2 30. Qxb7 Rd8 31. Qxe4 Qxa2 32. c6 Qb2 33. c7 Rc8 34. Qb7 1-0

[Event "*** Titled Tuesday Blitz"]
[Site "Chess.com"]
[Date "2020.05.19"]
[Round "2"]
[White "sari07"]
[Black "Emolas-2020"]
[Result "1-0"]
[WhiteElo "2441"]
[BlackElo "2156"]
[TimeControl "180+1"]
[EndTime "12:16:36 PDT"]
[Termination "sari07 won by checkmate"]

1. d4 g6 2. c4 Bg7 3. Nc3 e6 4.
e4 Ne7 5. Nf3 O-O 6. Bf4 d5 7.
cxd5 exd5 8. e5 Bg4 9. Be2 Nbc6 10.
O-O Nf5 11. Be3 Nxe3 12. fxe3 f6 13. exf6 Bxf6 14. Qb3 Ne7 15. e4 Bxf3 16. Bxf3 Bxd4+ 17. Kh1 c6 18. exd5 cxd5 19. Rad1 Bxc3 20. Qxc3 Rc8 21.
Qd4 Qa5 22. Rfe1 Rf7 23. Rxe7 Rxe7 24. Bxd5+ Kf8 25. Qh8# 1-0

[Event "*** Titled Tuesday Blitz"]
[Site "Chess.com"]
[Date "2020.05.19"]
[Round "2"]
[White "Incognito2525"]
[Black "Ati1517"]
[Result "1-0"]
[WhiteElo "2486"]
[BlackElo "2275"]
[TimeControl "180+1"]
[EndTime "12:16:37 PDT"]
[Termination "Incognito2525 won by resignation"]

1. e4 e5 2. Nf3 Nc6 3. Bc4 Bc5 4. O-O Nf6 5. d4 exd4 6. e5 d5 7. exf6 dxc4 8. Re1+ Be6 9. fxg7 Rg8 10. Bg5 Qd5 11. Nc3 Qf5 12. Ne4 Be7 13. Bxe7 Kxe7 14. Nxd4 Nxd4 15. Qxd4 Rad8 16. Qxa7 Rxg7 17. Ng3 Qd5 18.
Qa3+ Ke8 19. Qc3 Kf8 20. Qf6 Kg8 21. h3 Rg6 22. Qf4 Rd6 23. Rad1 Qxd1 24. Rxd1 Rxd1+ 25.
Kh2 Rd6 26. Ne4 Bd5 27. Ng3 b5 28. f3 c6 29. Nf5 Rd8 30. Ne7+ Kg7 31. Nxg6 hxg6 32.
Qe5+ Kg8 33. c3 Ra8 34. a3 Rc8 35. h4 Be6 36. Kg3 Rd8 37. h5 gxh5 38. Qg5+ 1-0

[Event "*** Titled Tuesday Blitz"]
[Site "Chess.com"]
[Date "2020.05.19"]
[Round "2"]
[White "BillieKimbah"]
[Black "csati17"]
[Result "0-1"]
[WhiteElo "2848"]
[BlackElo "2557"]
[TimeControl "180+1"]
[EndTime "12:16:39 PDT"]
[Termination "csati17 won by resignation"]

1. c4 Nf6 2. Nf3 e6 3. b3 d5 4. Bb2 Be7 5. e3 O-O 6. Nc3 b6 7. cxd5 exd5 8. d4 c6 9. g3 Bf5 10.
Bg2 Nbd7 11. O-O Rc8 12. Rc1 Re8 13. Nh4 Be6 14. Qc2 Bf8 15. Rfd1 Bg4 16. Rd2 Bh5 17. h3 Bg6 18. Nxg6 hxg6 19. h4 Bb4 20. Rdd1 Bxc3 21. Bxc3 Ne4 22. Be1 f5 23. a4 g5 24. f3 Nd6 25. hxg5 Qxg5 26. Bf2 Re6 27. Qd3 Nf6 28. Bh3 Nh5 29. Kg2 Nxg3 30. f4 Qh4 31. Rh1 Rg6 32.
Bxf5 Ngxf5+ 0-1

[Event "*** Titled Tuesday Blitz"]
[Site "Chess.com"]
[Date "2020.05.19"]
[Round "2"]
[White "Cambek64"]
[Black "Mikhail_Biryukov"]
[Result "0-1"]
[WhiteElo "2322"]
[BlackElo "2646"]
[TimeControl "180+1"]
[EndTime "12:16:40 PDT"]
[Termination "Mikhail_Biryukov won by resignation"]

1. d4 Nf6 2. c4 e6 3. Nc3 d5 4.
Bg5 Bb4 5. e3 h6 6. Bxf6 Qxf6 7.
Qa4+ Nc6 8. Rc1 O-O 9. Nf3 dxc4 10. Bxc4 Bd7 11. Qc2 e5 12. dxe5 Nxe5 13. Nxe5 Qxe5 14.
O-O Bd6 15. g3 Bg4 16. Bd5 c6 17. Bg2 h5 18. Qe4 Rad8 19. Qxe5 Bxe5 20. h3 Be6 21. Rfd1 Bxc3 22. bxc3 Bxa2 23. Ra1 Rxd1+ 24. Rxd1 Be6 25.
Ra1 a6 26. Ra5 Rd8 27. Rxh5 Rd1+ 28. Kh2 Bd5 29. Bxd5 Rxd5 30. Rh4 b5 31. Kg2 a5 32. c4 Rd8 33. Kf3 b4 34. Rh5 a4 35. Ra5 a3 36.
c5 Rd2 37. Ra6 a2 0-1

[Event "*** Titled Tuesday Blitz"]
[Site "Chess.com"]
[Date "2020.05.19"]
[Round "2"]
[White "jerry_77"]
[Black "Vesper2018"]
[Result "1-0"]
[WhiteElo "2453"]
[BlackElo "2235"]
[TimeControl "180+1"]
[EndTime "12:16:40 PDT"]
[Termination "jerry_77 won by resignation"]

1. e4 c5 2. Nf3 d6 3. d4 cxd4 4.
Nxd4 Nf6 5. Nc3 a6 6. Be3 e5 7.
Nb3 Be6 8. h3 Be7 9. g4 O-O 10.
Qf3 b5 11. O-O-O b4 12. Nd5 Nxd5 13. exd5 Bc8 14. Bd3 a5 15. Kb1 Na6 16. h4 Qc7 17. h5 a4 18. Nc1 a3 19. g5 Nc5 20. Bxc5 Qxc5 21. Qe4 g6 22. hxg6 fxg6 23. Rxh7 Bf5 24.
Qh4 axb2 25. Qh6 bxc1=Q+ 26. Rxc1 Bf6 27. gxf6 Ra7 28. Rh8+ 1-0